Map: Pillars of Gold LE

Players

Astrea - Winner!

  • Race: Protoss Protoss
  • Spawn Location: 1:00

Scarlett

  • Race: Zerg Zerg
  • Spawn Location: 7:00

Event: DreamHack SC2 Masters 2020 Summer North America

VOD

Have the link to the VOD?

Description

Time

  • Played on: July 11, 2020, 3:21 p.m.
  • Length: 5:44

All games in this series

Show
View Real Time Build Order
Export as new Build Order

Astrea Protoss - Winner!

Build Orders: 1 Gate Expand, Mass Adepts 

Get SALT Encoding   

  12  0:00  Probe  
  13  0:12  Probe  
  14  0:18  Pylon  
  14  0:24  Probe  
  15  0:32  Probe  
  15  0:39  Gateway  
  15  0:40  Probe  
  16  0:47  Assimilator  
  17  0:51  Probe  
  18  1:03  Probe  
  19  1:15  Probe  
  20  1:25  Nexus  
  20  1:35  Cybernetics Core  
  20  1:38  Probe  
  21  1:47  Assimilator  
  21  1:50  Probe  
  22  1:58  Pylon  
  22  2:03  Probe  
  22  2:06  Adept  
  23  2:12  Warp Gate  
  23  2:13  Probe  
  23  2:21  Probe  
  26  2:24  Twilight Council  
  26  2:27  Stalker  
  27  2:31  Probe  
  30  2:39  Probe  
  30  2:43  Probe  
  32  2:51  Probe  
  33  2:54  Robotics Facility  
  33  2:55  Resonating Glaives  
  33  2:56  Probe  
  34  3:03  Probe  
  35  3:08  Probe  
  35  3:11  Gateway  
  36  3:16  Probe  
  37  3:23  Adept  
  40  3:31  Gateway, Warp Prism  
  40  3:33  Gateway  
  39  3:45  Pylon  
  41  3:49  Probe x2  
  43  4:01  Probe x2  
  45  4:04  Pylon  
  45  4:05  Adept x2  
  45  4:07  Observer  
  50  4:16  Pylon  
  51  4:17  Assimilator  
  51  4:19  Probe  
  52  4:27  Adept x4  
  59  4:33  Probe  
  59  4:34  Probe  
  59  4:36  Pylon  
  61  4:48  Adept x4  
  71  5:00  Immortal  
  69  5:10  Adept  
  69  5:11  Adept x2  
Show
View Real Time Build Order
Export as new Build Order

Scarlett Zerg 

Build Orders: Hatch First 

Get SALT Encoding   

  12  0:00  Drone  
  13  0:12  Overlord  
  13  0:18  Drone  
  14  0:31  Drone x2  
  16  0:49  Hatchery  
  15  0:53  Drone  
  16  0:57  Drone  
  16  1:00  Drone  
  18  1:14  Extractor  
  18  1:16  Spawning Pool  
  16  1:20  Drone  
  16  1:23  Drone  
  18  1:28  Drone  
  19  1:39  Drone  
  20  1:51  Overlord  
  20  2:03  Queen x2  
  20  2:04  Zergling x4  
  26  2:14  Drone x2  
  28  2:16  Metabolic Boost  
  28  2:26  Drone x2  
  30  2:34  Drone x2  
  32  2:44  Queen  
  34  2:53  Hatchery  
  34  2:56  Overlord  
  33  2:59  Drone  
  33  3:01  Drone  
  33  3:04  Drone  
  36  3:16  Drone x5  
  41  3:22  Overlord  
  41  3:24  Drone  
  42  3:29  Queen  
  44  3:41  Drone, Overlord  
  44  3:42  Drone x2  
  44  3:47  Drone x3  
  50  3:52  Overlord  
  50  3:54  Overlord  
  50  3:59  Lair  
  50  4:02  Roach Warren  
  49  4:04  Drone x3  
  52  4:14  Queen  
  53  4:17  Drone  
  53  4:18  Drone  
  53  4:19  Zergling x2  
  53  4:20  Zergling x2  
  53  4:21  Spine Crawler  
  53  4:22  Zergling x4  
  58  4:26  Zergling x6  
  61  4:32  Zergling x8  
  61  4:34  Zergling x2  
  67  4:43  Roach x2  
  62  4:51  Roach x5  
  59  5:01  Roach  
  57  5:08  Roach, Zergling x2  
  57  5:09  Zergling x6  
Tags
 
Add a new tag
Caveats
  • Supply blocks, unpowered buildings, or Contaminate may cause inaccurate times.
  • Supply counts are checked every 10 seconds.